 Dungeon Crawl Stone Soup version 0.26-a0-778-g3fe0686644 (webtiles) character file.

Game seed: 15979332634172901139

37 LufLufFighter the Changer (level 3, -2/27 HPs)
             Began as a Merfolk Transmuter on Nov 9, 2020.
             Slain by a goblin (3 damage)
             ... led by Robin
             ... on level 1 of the Dungeon.
             The game lasted 00:01:48 (1446 turns).

LufLufFighter the Changer (Merfolk Transmuter)      Turns: 1446, Time: 00:01:48

Health: -2/27      AC:  2    Str: 11    XL:     3   Next: 41%
Magic:  4/6        EV: 13    Int: 12    God:
Gold:   0          SH:  0    Dex: 14    Spells: 1/7 levels left

rFire    . . .     SeeInvis .     - Unarmed
rCold    . . .     Faith    .   (no shield)
rNeg     . . .     Spirit   .   a - +0 robe
rPois    .         Reflect  .   (helmet currently unavailable)
rElec    .         Harm     .   (no cloak)
rCorr    .         Rampage  .   (no gloves)
MR       .....                  (boots currently unavailable)
Stlth    +.........             (no amulet)
HPRegen  0.09/turn              (no ring)
MPRegen  0.10/turn              (no ring)

@: appendages (expiring), wereblooded
A: change form in water, swift swim, stealthy swim, horns 2
a: End Transformation


You were on level 1 of the Dungeon.
You had grown temporary horns.
You visited 1 branch of the dungeon, and saw 2 of its levels.

Inventory:

Armour
 a - a +0 robe (worn)
Jewellery
 b - an uncursed ring of flight {unknown}
Scrolls
 d - a scroll of remove curse {unknown}
 f - a scroll of enchant weapon {unknown}
 g - a scroll of identify {unknown}
Potions
 c - a potion of flight {unknown}
 e - a potion of curing {unknown}
 h - a potion of haste {unknown}


   Skills:
 * Level 2.1 Fighting
 - Level 2.6 Dodging
 - Level 3.2 Unarmed Combat
 * Level 2.5 Spellcasting
 * Level 3.5 Transmutations
 * Level 0.3 Poison Magic


You had one spell level left.
You knew the following spells:

 Your Spells              Type           Power        Failure   Level
a - Beastly Appendage     Tmut           ##....       6%          1
b - Wereblood             Tmut           ##......     9%          2
c - Spider Form           Tmut/Pois      #.........   34%         3

Your spell library contained the following spells:

 Spells                   Type           Power        Failure   Level
 Ice Form                 Ice/Tmut       #.......     77%         4
 Blade Hands              Tmut           ##........   86%         5


Dungeon Overview and Level Annotations

Branches:
Dungeon (2/15)

Altars:

Annotations:
D:2 Robin


Innate Abilities, Weirdness & Mutations

You revert to your normal form in water.
You are very nimble and swift while swimming.
You are very stealthy in the water. (Stealth+)
You have a pair of horns on your head.


Message History

The goblin hits you with a +0 club. The goblin completely misses you.
Things that are here:
a +0 club; a goblin corpse Your transformation is almost over.
You barely miss the goblin. You headbutt the goblin.
You kill the goblin!
The goblin hits you with a +0 club.
* * * LOW HITPOINT WARNING * * *
You hit the goblin.
The goblin is heavily wounded.
The goblin hits you.
* * * LOW HITPOINT WARNING * * *
The goblin hits you but does no damage.
You howl as the wereblood boils in your veins!
You punch the goblin!
You kill the goblin!
You completely miss the goblin. The goblin barely misses you.
You barely miss the goblin. Your headbutt misses the goblin.
The goblin hits you.
You die...

8.8.#(#.##.....##....†.......##.#
....#........................##.#
....#......#...##............##.#
8.8.#.#.##.#...###...........##.#
....#............#...........##.#
....########...################.#
8.8..# #.#.# #.....# #.#
....########(#.######.....### #.#
....8#..........@gg)......#.# #.#
.<...#.........###.#>.....#.# #.#
######..##.###.##..÷...#....###.#
....##..##.# #.##..#.#.#........#
###.....##.###.##..#.#.#.##.#####
#.##......##.##..#.#.#.......#
#.##.......#.##..#...#.##.####
#.##..##.###.....#.....##.#####
#.....##.# ####..#...#........#


You could see a hobgoblin (strong) and a goblin (strong).

Vanquished Creatures
  2 dart slugs (D:1)
  A leopard gecko (D:1)
  A giant cockroach (D:1)
  7 hobgoblins (D:1)
  2 bats (D:1)
  3 frilled lizards (D:1)
  8 goblins (D:1)
  4 kobolds (D:1)
  3 rats (D:1)
31 creatures vanquished.

Notes
Turn   | Place    | Note
-------+----------+-------------------------------------------
     0 | D:1      | LufLufFighter the Merfolk Transmuter began the quest for
                  | the Orb.
     0 | D:1      | Reached XP level 1. HP: 15/15 MP: 3/3
   114 | D:1      | Reached XP level 2. HP: 21/21 MP: 3/5
   118 | D:1      | Learned a level 2 spell: Wereblood
   720 | D:1      | Reached XP level 3. HP: 23/27 MP: 6/6
   725 | D:1      | Learned a level 3 spell: Spider Form
  1042 | D:2      | Noticed Robin
  1441 | D:1      | HP: 1/27 [goblin[Robin] (6)]
  1446 | D:1      | Slain by a goblin

Illustrated notes

Levels and vault maps discovered:
D:1:      elethiomel_arrival_quiet, layout_basic
D:2:      layout_loops_corners, nicolae_gozag_cash_rules_everything_around_me,
          uniq_robin

Skill      XL: |  1  2 |
---------------+-------+-----
Transmutations | 3 |  3.5
Fighting       | 2 |  2.1
Dodging        | |  2.6
Unarmed Combat | |  3.2
Spellcasting   | |  2.5
Poison Magic   | |  0.3

Action                   || total
-------------------------++-------
Melee: Unarmed           ||    75
       Headbutt          ||    10
       Punch             ||     1
 Cast: Beastly Appendage ||    19
       Wereblood         ||     1
 Stab: Sleeping          ||     2
Armor: Robe              ||    11
Dodge: Dodged            ||    61

Table legend: (Time is in decaauts)
 A = Elapsed time spent in this place.
 B = Non-inter-level travel time spent in this place.
 C = Inter-level travel time spent in this place.
 D = Time resting spent in this place.
 E = Time spent auto-exploring this place.
 F = Levels seen in this place.
 G = Mean time per level.
                   A        B        C        D        E       F      G
               +--------+--------+--------+--------+--------+-----+--------+
         Total |   1442 |   1418 |     24 |    371 |    856 |   2 |  721.0 |
       Dungeon |   1442 |   1418 |     24 |    371 |    856 |   2 |  721.0 |
               +--------+--------+--------+--------+--------+-----+--------+

Top non-repeatable levels by time:
     D:1: 1438 daAuts
     D:2: 4 daAuts
